 Dungeon Sprint DCSS version 0.24-a0-809-g71cb82dfb8 (webtiles) character file.

Game seed: 15214959700455933357, levelgen mode: deterministic

32 MisterOstroum the Sneak (level 3, -2/39 HPs)
             Began as a Naga Fire Elementalist on Oct 11, 2019.
             Slain by a scorpion (6 damage)
             ... in the Dungeon (Sprint III: "The Ten Rune Challenge").
             The game lasted 00:01:38 (376 turns).

MisterOstroum the Sneak (Naga Fire Elementalist)     Turns: 376, Time: 00:01:39

Health: -2/39      AC:  2    Str: 10    XL:     3   Next: 25%
Magic:  0/6        EV: 10    Int: 16    God:
Gold:   0          SH:  0    Dex: 11    Spells: 5/6 levels left

rFire    . . .     SeeInvis +   (no weapon)
rCold    . . .     Gourm    .   (no shield)
rNeg     . . .     Faith    .   a - +0 robe
rPois    +         Spirit   .   (no helmet)
rElec    .         Reflect  .   (no cloak)
rCorr    .         Harm     .   (no gloves)
MR       .....     NoTele   +   (no barding)
Stlth    +++.......             (no amulet)
HPRegen  0.13/turn              (no ring)
MPRegen  0.10/turn              (no ring)

@: very slow
A: large, see invisible, deformed body, poison resistance, slowness 2, slow
metabolism 1, spit poison 1, AC +1
a: Spit Poison


You were in the Dungeon.
You were not hungry.

You visited 1 branch

Inventory:

Missiles
 k - 12 stones (quivered)
Armour
 a - a +0 robe (worn)
Scrolls
 i - a scroll of blinking {@r4}
 j - a scroll of identify {unknown}
Potions
 c - a potion of heal wounds {@q2 !q}
 f - a potion of haste {@q4 !q}
 g - 2 potions of magic
 h - a potion of berserk rage
Comestibles
 b - 2 chunks of flesh
 e - a ration


   Skills:
 + Level 5.2 Fighting
 - Level 1.5 Dodging
 + Level 5.4 Stealth
 + Level 2.0 Spellcasting
 * Level 1.0 Conjurations
 * Level 3.0 Fire Magic


You had 5 spell levels left.
You knew the following spells:

 Your Spells              Type           Power        Failure   Level  Hunger
a - Flame Tongue          Conj/Fire      #....        9%          1    #......

Your spell library contained the following spells:

 Spells                   Type           Power        Failure   Level  Hunger
 Throw Flame              Conj/Fire      #.....       14%         2    ###....
 Conjure Flame            Conj/Fire      #.......     26%         3    ###....
 Inner Flame              Hex/Fire       #.......     32%         3    ###....
 Sticky Flame             Conj/Fire      #.......     65%         4    #####..
 Fireball                 Conj/Fire      #.........   94%         5    ######.


Dungeon Overview and Level Annotations

Branches:
Dungeon (1/1)

Altars:


Innate Abilities, Weirdness & Mutations

You cannot wear boots.
Your serpentine skin is tough. (AC +1)
You have supernaturally acute eyesight. (SInv)
Armour fits poorly on your strangely shaped body.
Your system is resistant to poisons. (rPois)
You cover ground very slowly.
You have a slow metabolism.
You can spit poison.


Message History

Aiming: Flame Tongue (safe; 10% risk of failure)
Press: ? - help, Shift-Dir - straight line, f/p - Jessica
Aim: Jessica, wearing a +0 robe (almost dead)
You miscast Flame Tongue.
Nothing appears to happen.
Jessica barely misses you.
You hit Jessica.
You kill Jessica!
Training target 2.0 for Fighting reached!
Your Fighting skill gained 4 levels and is now at level 5!
You need to enable at least one skill for training.
You have reached level 2!
You have reached level 3!
Your experience leads to an increase in your attributes!
Increase (S)trength, (I)ntelligence, or (D)exterity?
You feel clever.
Your skin feels tougher.
Throwing (i - inventory)
k - 12 stones (quivered)
Press: ? - help, Shift-Dir - straight line, f - you
Okay, then.
Things that are here:
a +0 robe; the human corpse of Jessica You butcher the human corpse of Jessica.
b - 2 chunks of flesh
Things that are here:
a +0 robe; the human skeleton of Jessica
l - a +0 robe Wear which item? (? for menu, Esc to quit)
Okay, then.
Drop what? 12/52 slots (_ for help) (? for menu, Esc to quit)
You drop a +0 robe.
Okay, then.
Unknown command.
Your magical contamination has completely faded away.
A human comes into view.
Unknown command.
Unknown command.
A scorpion comes into view.
The helpless scorpion fails to defend itself.
You hit the scorpion but do no damage. The scorpion closely misses you.
You barely miss the scorpion. The scorpion closely misses you.
You hit the scorpion but do no damage.
The human shouts!
The scorpion stings you.
You hit the scorpion.
The scorpion is lightly wounded.
The scorpion stings you. The scorpion stings you. The human misses you.
Casting: Flame Tongue (safe; 9% risk of failure)
Confirm with . or Enter, or press ? or * to list all spells.
Aiming: Flame Tongue (safe; 9% risk of failure)
Press: ? - help, Shift-Dir - straight line, f - scorpion
Aim: a scorpion (lightly wounded)
The flame tongue hits the scorpion.
The scorpion is heavily wounded.
The scorpion closely misses you.
Casting: Flame Tongue (safe; 9% risk of failure)
Confirm with . or Enter, or press ? or * to list all spells.
Aiming: Flame Tongue (safe; 9% risk of failure)
Press: ? - help, Shift-Dir - straight line, f/p - scorpion
Aim: a scorpion (heavily wounded)
The flame tongue hits the scorpion.
The scorpion is severely wounded.
The scorpion stings you.
Casting: Flame Tongue (safe; 9% risk of failure)
Confirm with . or Enter, or press ? or * to list all spells.
Aiming: Flame Tongue (safe; 9% risk of failure)
Press: ? - help, Shift-Dir - straight line, f/p - scorpion
Aim: a scorpion (severely wounded)
The flame tongue hits the scorpion.
The scorpion is severely wounded.
The scorpion stings you!
Casting: Flame Tongue (safe; 9% risk of failure)
Confirm with . or Enter, or press ? or * to list all spells.
Aiming: Flame Tongue (safe; 9% risk of failure)
Press: ? - help, Shift-Dir - straight line, f/p - scorpion
Aim: a scorpion (severely wounded)
The flame tongue misses the scorpion.
The scorpion stings you!
You are poisoned.
The scorpion poisons you!
Casting: Flame Tongue (safe; 9% risk of failure)
Confirm with . or Enter, or press ? or * to list all spells.
Aiming: Flame Tongue (safe; 9% risk of failure)
Press: ? - help, Shift-Dir - straight line, f/p - scorpion
Aim: a scorpion (severely wounded)
The flame tongue misses the scorpion.
You feel sick. The scorpion stings you.
* * * LOW HITPOINT WARNING * * *
Really quaff
d - a potion of curing {@q1 !q}?
You feel better. The scorpion stings you!
* * * LOW HITPOINT WARNING * * *
You hit the scorpion but do no damage.
The scorpion is severely wounded.
The scorpion barely misses you.
Casting: Flame Tongue (safe; 9% risk of failure)
Confirm with . or Enter, or press ? or * to list all spells.
Aiming: Flame Tongue (safe; 9% risk of failure)
Press: ? - help, Shift-Dir - straight line, f/p - scorpion
Aim: a scorpion (severely wounded)
The flame tongue misses the scorpion.
The scorpion stings you.
* * * LOW HITPOINT WARNING * * *
The scorpion stings you.
You die...

▓...#......##
▓..##.......# ..#
▓##.##.##.[.# ..#
##.##.###..# #..#
▓#.####.##..# ...+
▓.###÷.##..####...#
▓#.....##..###....#
###..##...##.....#
##..##...@#......#
#..###..##s#.....#
#..# #.. ####....#
▓▓▓▓ ▓▓▓ ▓▓▓▓▓▓


You could see a scorpion.

Vanquished Creatures
  Jessica (D)
  An ooze (D)
  2 rats (D)
4 creatures vanquished.

Vanquished Creatures (others)
  2 draconian scorchers (D)
  6 hellions (D)
  A yaktaur (D)
  4 plants (D)
13 creatures vanquished.

Grand Total: 17 creatures vanquished

Notes
Turn   | Place    | Note
-------+----------+-------------------------------------------
     0 | D        | MisterOstroum the Naga Fire Elementalist began the quest
                  | for the Orb.
     0 | D        | Reached XP level 1. HP: 15/15 MP: 3/3
    25 | D        | Reached skill level 1 in Fighting
    25 | D        | Reached skill level 5 in Stealth
    84 | D        | Killed a hellion
    84 | D        | Killed a hellion
    84 | D        | Killed a hellion
    90 | D        | Killed a hellion
   113 | D        | Killed a hellion
   172 | D        | Killed a white draconian scorcher
   192 | D        | Killed a hellion
   209 | D        | Noticed Jessica
   214 | D        | Killed a yaktaur
   233 | D        | Killed Jessica
   233 | D        | Reached skill level 5 in Fighting
   233 | D        | Reached XP level 2. HP: 19/32 MP: 0/5
   233 | D        | Reached XP level 3. HP: 23/39 MP: 0/6
   234 | D        | Killed a white draconian scorcher
   358 | D        | Noticed a scorpion
   376 | D        | Slain by a scorpion

Levels and vault maps discovered:
D:        dungeon_sprint_mu [sprint_mu_entry_cave, sprint_mu_temple_rooms,
          sprint_mu_d1_spiders, sprint_mu_d2_genie, sprint_mu_d3_branching,
          sprint_mu_orc_legion, sprint_mu_elf_gauntlet, sprint_mu_hive_nellie,
          sprint_mu_lair_fedhas, sprint_mu_vaults_butterflies,
          sprint_mu_slime_circle, sprint_mu_swamp_cave, sprint_mu_shoals_archi,
          sprint_mu_blade_basic, sprint_mu_crypt_chambers,
          sprint_mu_tomb_spiral, sprint_mu_vestibule_basic,
          sprint_mu_gehenna_hellfire, sprint_mu_dis_giant,
          sprint_mu_tartarus_statrot, sprint_mu_cocytus_islands, sprint_mu_zot1]

Skill      XL: |  1 |
---------------+----+-----
Fighting       | 5 |  5.2
Stealth        | 5 |  5.4
Dodging        | |  1.5
Spellcasting   | |  2.0
Conjurations   | |  1.0
Fire Magic     | |  3.0

Action                   || total
-------------------------++-------
Melee: Unarmed           ||    34
 Cast: Flame Tongue      ||    10
  Use: Potion            ||     1
 Stab: Sleeping          ||     4
Armor: Robe              ||     4
Dodge: Dodged            ||    22

Table legend:
 A = Non-vault XP
 B = Vault XP
 C = Vault XP percentage of total XP
 D = Non-vault monster count
 E = Vault monster count
 F = Vault count percentage of total count
                 A         B        C        D         E       F
            +---------+---------+-------+---------+---------+-------
      Total |       0 |      46 | 100.0 |       0 |       4 | 100.0
            +---------+---------+-------+---------+---------+-------
          D |       0 |      46 | 100.0 |       0 |       4 | 100.0
            +---------+---------+-------+---------+---------+-------
